[Event "Titled Tuesday Blitz August 22 Late 2023"]
[White "Vafin, Ayrat"]
[Black "Ozen, Batuhan"]
[WhiteFideId "4146530"]
[BlackFideId "6345123"]
[WhiteElo "2499"]
[BlackElo "2381"]
[Result "1-0"]
[Round "9"]
[TimeControl "180+1"]
[Date "2023.08.22"]
[WhiteClock "0:00:14"]
[BlackClock "0:00:25"]
[Board "81"]

1. Nf3 c5 2. g3 Nf6 3. Bg2 g6 4. O-O Bg7 5. c4 d5 6. cxd5 Nxd5 7. Nc3 Nc6 8. a3 O-O 9. Nxd5 Qxd5 10. d3 Rd8 11. Qc2 b6 12. Be3 Bb7 13. Rac1 Ne5 14. Bf4 Nc6 15. Be3 Rac8 16. Rfd1 h5 17. Qd2 Nd4 18. Bxd4 Bxd4 19. Nh4 Qd7 20. Bxb7 Qxb7 21. Nf3 Bf6 22. b3 Kg7 23. a4 h4 24. Rc4 hxg3 25. hxg3 Rh8 26. Kg2 e6 27. Rh1 Rxh1 28. Kxh1 Rh8+ 29. Kg2 Qd5 30. g4 a6 31. Qf4 Be7 32. Qe5+ Bf6 33. Qxd5 exd5 34. Rc2 Re8 35. Ng1 Be7 36. Nf3 Bd6 37. e3 b5 38. axb5 axb5 39. Nd2 Ra8 40. e4 d4 41. e5 Be7 42. Kf3 f6 43. exf6+ Kxf6 44. Ke4 Ke6 45. f4 Bd6 46. Nf3 Rf8 47. Ng5+ Kd7 48. f5 gxf5+ 49. gxf5 Re8+ 50. Kf3 Re5 51. Kg4 Re1 52. Ne4 Rg1+ 53. Kh5 Kc6 54. f6 Rf1 55. b4 Kd5 56. bxc5 Be5 57. Kg6 Rg1+ 58. Kf7 b4 59. c6 b3 60. c7 Bxc7 61. Rxc7 b2 62. Rb7 b1=Q 63. Rxb1 Rxb1 64. Kg6 Ke5 65. f7 Rb8 66. Kg7 Kf4 67. f8=Q+ Rxf8 68. Kxf8 Ke3 69. Nc5 Kd2 70. Ke7 Kc3 71. Kd6 Kb4 72. Kd5 Kc3 73. Ke5 Kb4 74. Kxd4 Kb5 75. Kd5 Kb6 76. d4 Kc7 77. Kc4 Kd8 78. d5 Ke8 79. Kd4 Kd8 80. Ke5 Kc8 81. d6 Kd8 82. Kd5 Ke8 83. Ke6 Kd8 84. d7 Kc7 85. Ke7 Kb6 86. d8=Q+ Ka7 87. Qc7+ Ka8 88. Qb7# 1-0


[Site "https://www.chess.com"]

[Event "Titled Tuesday Blitz August 22 Late 2023"]
[White "Sanhueza, Cristian"]
[Black "Labussiere, Yago"]
[WhiteFideId "116815"]
[BlackFideId "2186969"]
[WhiteElo "2487"]
[BlackElo "2377"]
[Result "1-0"]
[Round "9"]
[TimeControl "180+1"]
[Date "2023.08.22"]
[WhiteClock "0:00:15"]
[BlackClock "0:00:17"]
[Board "82"]

1. e4 c5 2. Nf3 Nc6 3. Bb5 g6 4. O-O Bg7 5. c3 Nf6 6. Re1 O-O 7. d4 cxd4 8. cxd4 d5 9. e5 Ne4 10. Bxc6 bxc6 11. Be3 f6 12. exf6 exf6 13. Nc3 Nxc3 14. bxc3 Qa5 15. Bd2 Qc7 16. Qc1 Bg4 17. Bf4 Qd7 18. Re3 Rfe8 19. h3 Bf5 20. Qd2 Rxe3 21. Bxe3 g5 22. Ne1 h6 23. Nd3 Re8 24. Nc5 Qc8 25. a4 Bf8 26. Nd3 Qa6 27. Nc5 Qc4 28. h4 Kg7 29. hxg5 hxg5 30. f3 Bg6 31. Kf2 Bd6 32. Rh1 Bxc5 33. dxc5 Qd3 34. Qc1 Rb8 35. Bd4 Kf7 36. Re1 Qc2+ 37. Qxc2 Bxc2 38. a5 Bg6 39. Ra1 Rb2+ 40. Kg3 Bd3 41. Rh1 Kg7 42. Re1 Kf7 43. Rh1 Ra2 44. Rh6 Rxa5 45. Rxf6+ Ke8 46. Rxc6 Ra2 47. Re6+ Kd7 48. Rd6+ Kc8 49. c6 Bf1 50. Bf2 Bc4 51. Rd7 a5 52. Bb6 Bb5 53. Rd8# 1-0


[Site "https://www.chess.com"]

[Event "Titled Tuesday Blitz August 22 Late 2023"]
[White "Polaczek, Richard"]
[Black "Itkis, Boris"]
[WhiteFideId "200026"]
[BlackFideId "1209167"]
[WhiteElo "2407"]
[BlackElo "2487"]
[Result "0-1"]
[Round "9"]
[TimeControl "180+1"]
[Date "2023.08.22"]
[WhiteClock "0:00:13"]
[BlackClock "0:00:59"]
[Board "83"]

1. d4 d5 2. c4 e6 3. Nc3 Nf6 4. cxd5 exd5 5. Bg5 c6 6. Qc2 Bd6 7. e3 O-O 8. Bd3 h6 9. Bh4 Re8 10. Nge2 Nbd7 11. Rd1 Nf8 12. Qd2 a5 13. f3 Be7 14. Bf2 b5 15. O-O a4 16. a3 Bd7 17. h3 Nh5 18. e4 Bg5 19. Be3 Ne6 20. e5 Bxe3+ 21. Qxe3 g5 22. g3 Rb8 23. Bb1 b4 24. axb4 Rxb4 25. Qd3 Nf8 26. g4 Nf4 27. Nxf4 gxf4 28. Rf2 Qh4 29. Ne2 Ng6 30. Qa3 Rb3 31. Qd6 Be6 32. Bxg6 fxg6 33. Qxc6 Re7 34. Qd6 Rxb2 35. Rdf1 Kf7 36. Nxf4 Qg3+ 37. Ng2 Rxf2 38. Rxf2 Rb7 39. Qa6 Rb1+ 40. Rf1 Rb2 41. Qa7+ Kg8 42. Qa8+ Kg7 43. Qa7+ Bf7 0-1


[Site "https://www.chess.com"]

[Event "Titled Tuesday Blitz August 22 Late 2023"]
[White "Seletsky, Grigory"]
[Black "Filip, Andrei"]
[WhiteFideId "14112191"]
[BlackFideId "1249452"]
[WhiteElo "2478"]
[BlackElo "2367"]
[Result "0-1"]
[Round "9"]
[TimeControl "180+1"]
[Date "2023.08.22"]
[WhiteClock "0:00:22"]
[BlackClock "0:00:21"]
[Board "84"]

1. d4 Nf6 2. Nf3 g6 3. Bg5 Bg7 4. Nbd2 O-O 5. c3 d6 6. h3 c5 7. e3 Nc6 8. Be2 Rb8 9. O-O b5 10. a3 a6 11. dxc5 dxc5 12. e4 Be6 13. Be3 c4 14. Nd4 Bd7 15. f4 e5 16. Nc2 exf4 17. Bxf4 Qb6+ 18. Kh1 Rbe8 19. Bf3 Ne5 20. Bxe5 Rxe5 21. Nd4 Bc8 22. a4 Bb7 23. axb5 axb5 24. b3 Nxe4 25. Bxe4 Bxe4 26. bxc4 Bd3 27. Rf3 bxc4 28. Rxd3 cxd3 29. Nc4 Qc7 30. Nxe5 Qxc3 31. Nb3 Bxe5 32. Rc1 Qb4 33. Qxd3 Qf4 34. Kg1 Bb8 35. Rf1 Qh2+ 36. Kf2 Ba7+ 37. Kf3 Re8 38. Qd5 Re3+ 39. Kg4 Qg3# 0-1


[Site "https://www.chess.com"]

[Event "Titled Tuesday Blitz August 22 Late 2023"]
[White "Senft, Sean"]
[Black "Kirillov, Dmitry"]
[WhiteFideId "2044960"]
[BlackFideId "34180572"]
[WhiteElo "2365"]
[BlackElo "2476"]
[Result "0-1"]
[Round "9"]
[TimeControl "180+1"]
[Date "2023.08.22"]
[WhiteClock "0:00:15"]
[BlackClock "0:00:12"]
[Board "85"]

1. d4 Nf6 2. c4 e6 3. Nc3 Bb4 4. Nf3 O-O 5. Bg5 c5 6. e3 cxd4 7. exd4 h6 8. Bh4 b6 9. Bd3 Be7 10. O-O Bb7 11. Ne5 d6 12. Ng4 Nxg4 13. Bxe7 Nxf2 14. Bxd8 Nxd1 15. Be7 Re8 16. Bxd6 Nxb2 17. Be2 Rc8 18. c5 bxc5 19. dxc5 Ba6 20. Rab1 Bxe2 21. Nxe2 Nc4 22. Rb7 f6 23. Nd4 Nxd6 24. cxd6 Rd8 25. Nxe6 Rd7 26. Nc7 Na6 27. Rc1 Kh7 28. Rc6 Nb8 29. Rc4 Na6 30. Rc6 Nb8 31. Rc4 a5 32. Rc5 Na6 33. Nxa8 Rxb7 34. Rxa5 Nb4 35. Nc7 Nc6 36. Rc5 Rb1+ 37. Kf2 Ne5 38. Rd5 Rb2+ 39. Ke3 Rxa2 40. d7 Nxd7 41. Rxd7 Rxg2 42. h4 Rg4 43. Ne6 Kg8 44. Kf3 Rg1 45. h5 Kh8 46. Nf4 Kg8 47. Ng6 Rf1+ 48. Kg2 Ra1 49. Rd8+ Kf7 50. Rf8+ Ke6 51. Rg8 Ra5 52. Rxg7 Rg5+ 53. Kf3 Rf5+ 54. Nf4+ Ke5 55. Rg6 Rxf4+ 56. Kg3 Rf5 57. Rxh6 Rg5+ 58. Kh4 Kf5 59. Rh8 Rg4+ 60. Kh3 Rg1 61. Kh2 Rg4 62. h6 Rh4+ 63. Kg3 Rh1 64. h7 Rh6 65. Kg2 Rg6+ 66. Kh3 Rh6+ 67. Kg3 Rg6+ 68. Kf3 Rh6 69. Kf2 Kf4 70. Kg2 f5 71. Kf2 Rh2+ 72. Kg1 Rh6 73. Kg2 Rh5 74. Kg1 Kf3 75. Kf1 f4 76. Kg1 Rh6 77. Ra8 Rxh7 78. Ra3+ Kg4 79. Kg2 Rc7 80. Ra2 Rc3 81. Ra8 Rc2+ 82. Kf1 Kg3 83. Rg8+ Kf3 84. Ke1 Rc1+ 85. Kd2 Ra1 86. Rg7 Kf2 87. Rf7 f3 88. Rg7 Ra2+ 89. Kd1 Kf1 90. Rg3 f2 91. Rh3 Ra1+ 92. Kd2 Ra2+ 93. Ke3 Kg2 94. Rf3 f1=Q 95. Rxf1 Kxf1 0-1


[Site "https://www.chess.com"]

[Event "Titled Tuesday Blitz August 22 Late 2023"]
[White "Tanenbaum, Zachary"]
[Black "Balla, Tamas-Kristof"]
[WhiteFideId "2060850"]
[BlackFideId "1208497"]
[WhiteElo "2680"]
[BlackElo "2431"]
[Result "1-0"]
[Round "9"]
[TimeControl "180+1"]
[Date "2023.08.22"]
[WhiteClock "0:00:10"]
[BlackClock "0:00:00"]
[Board "86"]

1. e3 c5 2. e4 Nc6 3. Nf3 g6 4. Bc4 Bg7 5. O-O e6 6. Re1 Nge7 7. Nc3 O-O 8. d3 d5 9. Bb3 dxe4 10. Nxe4 b6 11. Bg5 f5 12. Bxe7 Qxe7 13. Neg5 Kh8 14. Nxe6 Bxe6 15. Rxe6 Qc7 16. Qe2 Bxb2 17. Re1 Bc3 18. Bd5 Nd4 19. Nxd4 cxd4 20. Bxa8 Bxe1 21. Re8 Bb4 22. Bd5 Rxe8 23. Qxe8+ Kg7 24. Bc4 Qe7 25. Qg8+ Kh6 26. g3 Qe1+ 27. Kg2 f4 28. Qf7 fxg3 29. hxg3 Bd2 30. Qf8+ Kh5 31. Bd5 Qe5 32. Bf3+ Kg5 33. Be4 Qf6 34. f4+ 1-0


[Site "https://www.chess.com"]

[Event "Titled Tuesday Blitz August 22 Late 2023"]
[White "Koziorowicz, Michal"]
[Black "SergioMoralesG"]
[WhiteFideId "21809194"]
[WhiteElo "2622"]
[BlackElo "2420"]
[Result "1/2-1/2"]
[Round "9"]
[TimeControl "180+1"]
[Date "2023.08.22"]
[WhiteClock "0:00:11"]
[BlackClock "0:00:03"]
[Board "87"]

1. d4 d5 2. c4 c6 3. Nf3 Nf6 4. Nc3 e6 5. e3 Nbd7 6. Be2 Bd6 7. O-O dxc4 8. a4 O-O 9. Nd2 e5 10. Nxc4 Bc7 11. b3 Re8 12. Ba3 exd4 13. exd4 Nb6 14. Bf3 Bf5 15. Ne3 Bg6 16. d5 Be5 17. Bb2 Nbxd5 18. Nexd5 Nxd5 19. Rc1 Nxc3 20. Bxc3 Bxc3 21. Rxc3 Qxd1 22. Rxd1 Rad8 23. Rcc1 Kf8 24. g3 Rxd1+ 25. Rxd1 Ke7 26. Rd2 Rd8 27. Re2+ Kd6 28. Kg2 Rd7 29. Bg4 f5 30. Bf3 Kc5 31. Re3 Bf7 32. h4 Kb4 33. Re5 g6 34. h5 Bxb3 35. hxg6 hxg6 36. a5 Bd5 37. Bxd5 Rxd5 38. Re7 Rb5 39. a6 bxa6 40. Rxa7 a5 41. Kf3 g5 42. Ke3 a4 43. Kd2 Kb3 44. Kc1 c5 45. f4 g4 46. Rf7 c4 47. Kb1 a3 48. Ka1 Kc2 49. Rc7 c3 50. Ka2 Kd2 51. Rd7+ Ke2 52. Rc7 Kd3 53. Rd7+ Kc2 54. Kxa3 Ra5+ 55. Kb4 Ra1 56. Rc7 Rb1+ 57. Kc4 Kd2 58. Kd4 c2 59. Ke5 c1=Q 60. Rxc1 Rxc1 61. Kxf5 Ke3 62. Kxg4 Rc8 63. Kg5 Rg8+ 64. Kh4 Kf3 65. f5 Rxg3 66. f6 Rg8 67. Kh5 Ke4 68. f7 Rb8 69. Kg6 Ke5 70. Kg7 Rb7 71. Kg8 Rxf7 72. Kxf7 1/2-1/2


[Site "https://www.chess.com"]

[Event "Titled Tuesday Blitz August 22 Late 2023"]
[White "Ozalp, Burak"]
[Black "Martinez Reyes, Pedro Ramon"]
[WhiteFideId "6314210"]
[BlackFideId "3901807"]
[WhiteElo "2390"]
[BlackElo "2572"]
[Result "1-0"]
[Round "9"]
[TimeControl "180+1"]
[Date "2023.08.22"]
[WhiteClock "0:00:42"]
[BlackClock "0:00:15"]
[Board "89"]

1. e4 d5 2. exd5 Qxd5 3. Nc3 Qd8 4. d4 Nf6 5. Nf3 g6 6. Bc4 Bg7 7. O-O O-O 8. h3 Nc6 9. Bf4 b6 10. d5 Na5 11. Be2 c6 12. b4 Nxd5 13. Nxd5 cxd5 14. bxa5 Bxa1 15. Qxa1 f6 16. Bh6 Rf7 17. c4 Bb7 18. Rd1 e6 19. cxd5 Bxd5 20. a6 Rc8 21. Be3 Rfc7 22. Nd4 Kf7 23. Nb5 Rd7 24. Rc1 Bc6 25. a4 Bd5 26. h4 h5 27. Qa3 Rxc1+ 28. Qxc1 Qa8 29. f3 Qd8 30. Bf2 Bb3 31. Qh6 Qg8 32. Bg3 Bxa4 33. Nd6+ Rxd6 34. Bxd6 e5 35. Bc4+ 1-0


[Site "https://www.chess.com"]

[Event "Titled Tuesday Blitz August 22 Late 2023"]
[White "Grebeniuk, Semen"]
[Black "Arnold, Ken"]
[WhiteFideId "14117509"]
[BlackFideId "2056836"]
[WhiteElo "2558"]
[BlackElo "2411"]
[Result "1-0"]
[Round "9"]
[TimeControl "180+1"]
[Date "2023.08.22"]
[WhiteClock "0:00:31"]
[BlackClock "0:00:06"]
[Board "90"]

1. d4 c6 2. c4 d5 3. cxd5 cxd5 4. Bf4 Nc6 5. e3 Nf6 6. Bd3 e6 7. Nf3 Bd6 8. Bxd6 Qxd6 9. O-O O-O 10. Nc3 Bd7 11. Nb1 Rac8 12. a3 a6 13. Nc3 Rfd8 14. Rc1 h6 15. Na4 e5 16. Nc5 e4 17. Nxb7 Qb8 18. Nxd8 Rxd8 19. b4 exd3 20. Qxd3 Ne4 21. Qxa6 Qa8 22. Qd3 Bf5 23. Qb3 g5 24. Rfd1 Bg6 25. Ne5 Nxe5 26. dxe5 g4 27. b5 h5 28. b6 Qb8 29. Rc7 Bf5 30. a4 Be6 31. Qb4 h4 32. a5 g3 33. hxg3 hxg3 34. fxg3 Rc8 35. Rdc1 Re8 36. a6 Qd8 37. b7 Qg5 38. Qe1 Nxg3 39. Rc8 Bxc8 40. Rxc8 Qxe5 41. Rxe8+ Qxe8 42. Qxg3+ 1-0


[Site "https://www.chess.com"]

[Event "Titled Tuesday Blitz August 22 Late 2023"]
[White "Battlecruiser_Operational"]
[Black "Jovic, Stanoje"]
[BlackFideId "905020"]
[WhiteElo "2365"]
[BlackElo "2514"]
[Result "0-1"]
[Round "9"]
[TimeControl "180+1"]
[Date "2023.08.22"]
[WhiteClock "0:00:41"]
[BlackClock "0:00:15"]
[Board "91"]

1. d4 Nf6 2. c4 e6 3. Nc3 Bb4 4. f3 d5 5. a3 Bxc3+ 6. bxc3 O-O 7. cxd5 exd5 8. e3 c5 9. Bd3 b6 10. Ne2 Ba6 11. O-O Bxd3 12. Qxd3 Re8 13. Ng3 Nc6 14. Bb2 Rc8 15. e4 dxe4 16. fxe4 cxd4 17. cxd4 Ne5 18. Qe2 Nc4 19. Rad1 Nxb2 20. Qxb2 Nxe4 21. Nf5 Nc3 22. Rd3 Re2 23. Qb3 Qd5 24. Qxd5 Nxd5 25. Nd6 Rc7 26. Rg3 g6 27. Nb5 Rcc2 28. Nxa7 Ne3 29. Rb1 Nxg2 30. Nc6 Nh4 31. Ne5 Rxh2 32. Rxb6 Rhd2 33. Rb1 Rxd4 34. Rf1 f5 35. Rb1 Rdd2 36. Rb8+ Kg7 37. Rb7+ Kf6 38. Nd7+ Ke6 39. Nf8+ Ke5 40. Rb1 Kf4 41. Rh3 Nf3+ 42. Kf1 Rf2# 0-1


[Site "https://www.chess.com"]

[Event "Titled Tuesday Blitz August 22 Late 2023"]
[White "Figorito, Nick"]
[Black "Graif, William"]
[WhiteFideId "30923689"]
[BlackFideId "2609835"]
[WhiteElo "2353"]
[BlackElo "2505"]
[Result "0-1"]
[Round "9"]
[TimeControl "180+1"]
[Date "2023.08.22"]
[WhiteClock "0:00:01"]
[BlackClock "0:00:22"]
[Board "92"]

1. Nf3 d5 2. g3 Nc6 3. d4 Bg4 4. Bg2 Qd7 5. Ne5 Nxe5 6. dxe5 O-O-O 7. Qd4 Kb8 8. Nc3 Bh3 9. Be3 b6 10. Qxd5 Bxg2 11. Qxg2 e6 12. Rd1 Qe8 13. Rxd8+ Qxd8 14. O-O Ne7 15. Rd1 Qe8 16. a4 Ng6 17. Qe4 a5 18. Nb5 Be7 19. Qc4 Qc8 20. f4 Rd8 21. Nd4 c5 22. Qb5 Kb7 23. c3 cxd4 24. cxd4 Qc6 25. Qd3 Bb4 26. b3 Nf8 27. Rc1 Qd5 28. Rc4 f5 29. exf6 gxf6 30. Bf2 f5 31. h3 Nd7 32. Kh2 Nf6 33. Qe3 Ne4 34. Bg1 Nd2 35. Rc2 Nf1# 0-1


[Site "https://www.chess.com"]

[Event "Titled Tuesday Blitz August 22 Late 2023"]
[White "Reprintsev, Alexander"]
[Black "Fajdetic, Hrvoje"]
[WhiteFideId "14100541"]
[BlackFideId "14501945"]
[WhiteElo "2488"]
[BlackElo "2279"]
[Result "0-1"]
[Round "9"]
[TimeControl "180+1"]
[Date "2023.08.22"]
[WhiteClock "0:01:33"]
[BlackClock "0:01:38"]
[Board "93"]

1. e4 c5 2. b3 d5 3. exd5 Qxd5 4. Nc3 Qd6 5. Ba3 Nf6 6. Qf3 Nc6 7. Nb5 Qe5+ 8. Be2 Qxa1+ 9. Bd1 Bg4 10. Nc7+ Kd7 11. Qd3+ Kxc7 12. f3 Bh5 13. c3 Bg6 14. Qc4 Bc2 0-1


[Site "https://www.chess.com"]

[Event "Titled Tuesday Blitz August 22 Late 2023"]
[White "Eggleston, Thomas A"]
[Black "Antonio, Jorge Carlos"]
[WhiteFideId "412139"]
[BlackFideId "113190"]
[WhiteElo "2446"]
[BlackElo "2325"]
[Result "0-1"]
[Round "9"]
[TimeControl "180+1"]
[Date "2023.08.22"]
[WhiteClock "0:00:00"]
[BlackClock "0:00:08"]
[Board "94"]

1. d4 d5 2. c4 c6 3. Nc3 Nf6 4. Nf3 Bf5 5. e3 e6 6. Bd3 Bxd3 7. Qxd3 Nbd7 8. Bd2 Be7 9. e4 dxe4 10. Nxe4 Nxe4 11. Qxe4 O-O 12. b4 Bf6 13. O-O Qb6 14. Rab1 Qa6 15. Qc2 b5 16. Rfc1 Nb6 17. c5 Nc4 18. Bg5 Na3 19. Qe4 Nxb1 20. Bxf6 gxf6 21. Rxb1 Qxa2 22. Re1 Qd5 23. Qg4+ Kh8 24. Qh4 Qf5 25. h3 Rg8 26. Kh2 a5 27. Re4 a4 28. Rf4 Qg6 29. g4 f5 30. Ne5 Qg7 31. Qh5 Ra7 32. Nxc6 Rd7 33. Ne5 Rxd4 34. Nxf7+ Qxf7 35. Qxf7 Rxf4 36. Qf6+ Rg7 37. c6 Rc4 38. Qd8+ Rg8 39. c7 fxg4 40. Qf6+ Rg7 41. Qxe6 Rcxc7 42. Qe8+ Rg8 43. Qe5+ Rcg7 44. hxg4 h6 0-1


[Site "https://www.chess.com"]

[Event "Titled Tuesday Blitz August 22 Late 2023"]
[White "Sernecki, Franciszek"]
[Black "Garcia Blanco, Omar"]
[WhiteFideId "1169297"]
[BlackFideId "2287153"]
[WhiteElo "2439"]
[BlackElo "2579"]
[Result "0-1"]
[Round "9"]
[TimeControl "180+1"]
[Date "2023.08.22"]
[WhiteClock "0:01:57"]
[BlackClock "0:02:11"]
[Board "95"]

1. e4 c5 2. Ne2 Nc6 3. Nbc3 e6 4. g3 Qc7 5. Bg2 a6 6. d3 Nf6 7. O-O h5 8. Bf4 Ne5 9. Bxe5 Qxe5 10. f4 Qc7 11. e5 Ng4 12. Qd2 d6 13. h3 Nh6 14. exd6 Bxd6 15. Ne4 Be7 16. N2c3 Bd7 17. Rae1 O-O-O 18. a4 Bc6 19. Ng5 Bf6 20. Bxc6 Qxc6 21. Nge4 Bd4+ 22. Kh2 f5 23. Ng5 Ng4+ 24. hxg4 hxg4+ 25. Nh3 Rxh3# 0-1


[Site "https://www.chess.com"]

[Event "Titled Tuesday Blitz August 22 Late 2023"]
[White "Haydon, David L"]
[Black "Feliz Dotel, Dewar Bienvenido"]
[WhiteFideId "415405"]
[BlackFideId "6402801"]
[WhiteElo "2687"]
[BlackElo "2192"]
[Result "0-1"]
[Round "9"]
[TimeControl "180+1"]
[Date "2023.08.22"]
[WhiteClock "0:00:00"]
[BlackClock "0:00:22"]
[Board "96"]

1. d4 d5 2. Bf4 e6 3. Nc3 c5 4. e4 Nf6 5. e5 Nfd7 6. Bb5 cxd4 7. Qxd4 Nc6 8. Bxc6 bxc6 9. b4 Qb6 10. Qxb6 axb6 11. Rb1 Ra3 12. Nge2 Ba6 13. b5 cxb5 14. Nxb5 Bxb5 15. Rxb5 Rxa2 16. O-O Bc5 17. Rc1 O-O 18. Rb3 Rfa8 19. h4 h6 20. Rg3 Kh7 21. Be3 Bxe3 22. Rxe3 R8a3 23. Rxa3 Rxa3 24. f4 Ra2 25. Nd4 Ra4 26. c3 Ra3 27. g4 Nc5 28. f5 exf5 29. gxf5 Nd3 30. Rb1 Nxe5 31. Rxb6 Rxc3 32. Rd6 Rd3 33. Nb5 d4 34. Kf2 Ng4+ 35. Ke2 Re3+ 36. Kd2 Rh3 37. Nxd4 Rxh4 38. Rd7 Nf6 39. Nc6 Nxd7 40. Ne7 Rf4 41. Nd5 Rxf5 42. Ne7 Re5 43. Nc6 Rd5+ 44. Ke3 h5 45. Nb4 Re5+ 46. Kf4 g5+ 47. Kg3 Re3+ 48. Kf2 Rb3 49. Nd5 h4 50. Ne7 Rb5 51. Nc6 Rd5 52. Ne7 Re5 53. Nc6 Rf5+ 0-1


[Site "https://www.chess.com"]

[Event "Titled Tuesday Blitz August 22 Late 2023"]
[White "Fernandez, Maria Florencia"]
[Black "Souleidis, Georgios"]
[WhiteFideId "116459"]
[BlackFideId "4206827"]
[WhiteElo "2340"]
[BlackElo "2541"]
[Result "0-1"]
[Round "9"]
[TimeControl "180+1"]
[Date "2023.08.22"]
[WhiteClock "0:00:00"]
[BlackClock "0:00:13"]
[Board "97"]

1. d4 Nf6 2. c4 g6 3. Nc3 Bg7 4. e4 d6 5. Be2 O-O 6. Be3 Nbd7 7. g4 c5 8. d5 b5 9. cxb5 a6 10. b6 Qxb6 11. Qd2 a5 12. h4 a4 13. a3 Ne5 14. f3 Ba6 15. h5 Bxe2 16. Qxe2 Rfb8 17. Rh2 Qb3 18. hxg6 hxg6 19. Bh6 Qxb2 20. Qxb2 Rxb2 21. Rxb2 Nd3+ 22. Kf1 Nxb2 23. Bxg7 Kxg7 24. Rb1 Nc4 25. Ra1 Nd7 26. Nge2 Nde5 27. Kf2 g5 28. Kg3 Nd2 29. Kf2 Ndxf3 30. Ng3 e6 31. Nh5+ Kg6 32. Rb1 Nd2 33. Rb7 Nxg4+ 34. Kg3 Kxh5 35. Rxf7 Ne5 36. Rh7+ Kg6 37. Re7 exd5 38. exd5 Ndc4 39. Re6+ Kf5 40. Re7 g4 41. Rh7 Nxa3 42. Rh5+ Kg6 43. Rh1 Nac4 44. Kf4 a3 45. Ke4 a2 46. Ra1 Kg5 47. Nxa2 Ra3 0-1


[Site "https://www.chess.com"]

[Event "Titled Tuesday Blitz August 22 Late 2023"]
[White "Musovic, Armin"]
[Black "Stanisz, Patryk"]
[WhiteFideId "939935"]
[BlackFideId "1123106"]
[WhiteElo "2523"]
[BlackElo "2327"]
[Result "1/2-1/2"]
[Round "9"]
[TimeControl "180+1"]
[Date "2023.08.22"]
[WhiteClock "0:00:16"]
[BlackClock "0:00:11"]
[Board "98"]

1. a3 a6 2. Nc3 d5 3. e4 dxe4 4. Nxe4 Bf5 5. Ng3 Bg6 6. Nf3 e6 7. d4 Nd7 8. Bd3 Bxd3 9. Qxd3 Ngf6 10. O-O c5 11. Re1 Be7 12. Qb3 b5 13. c3 O-O 14. Bg5 h6 15. Bxf6 Nxf6 16. Rad1 Qc7 17. Ne5 cxd4 18. cxd4 Rfd8 19. Nxf7 Kxf7 20. Qxe6+ Kf8 21. Nf5 Nd5 22. Rd3 Nf4 23. Nxg7 Kxg7 24. Qxe7+ Qxe7 25. Rxe7+ Kf6 26. Rde3 Rxd4 27. h3 Rg8 28. g3 Nxh3+ 29. Kg2 Nf4+ 30. Kh2 Nd5 31. R3e6+ Kf5 32. Re5+ Kg4 33. Rf7 Rg5 34. f3+ Kh5 35. Rff5 Rd2+ 36. Kh3 Rxf5 37. Rxf5+ Kg6 38. Rf8 Ne3 39. g4 Rxb2 40. Rg8+ Kh7 41. Ra8 Rb3 42. Ra7+ Kh8 43. Ra8+ Kg7 44. Ra7+ Kg6 45. Rxa6+ Kg5 46. Ra5 Nc4 47. Ra8 Rxf3+ 48. Kg2 Rxa3 49. Rg8+ Kh4 50. Rg6 Rg3+ 51. Kf2 Rxg4 52. Rxh6+ Kg5 53. Rh8 Rf4+ 54. Ke2 Rf5 55. Kd3 Ne5+ 56. Kc3 Kf4 57. Kb4 Ng4 58. Re8 Ne5 59. Rb8 Nd3+ 60. Kc3 Ke3 61. Re8+ Ne5 62. Kb4 Kd4 63. Kxb5 Nd7+ 64. Kc6 Ne5+ 65. Kd6 Rf6+ 66. Re6 Rf5 67. Rh6 Nc4+ 68. Ke6 Rd5 69. Rh4+ Kc5 70. Rh8 Rd6+ 71. Kf5 Kd5 72. Ra8 Rd7 73. Kf6 Rc7 74. Rd8+ Kc5 75. Ra8 Rc6+ 76. Kf5 Nd6+ 77. Kf4 Rc7 78. Ra5+ Nb5 79. Ra1 Rf7+ 80. Ke5 Re7+ 81. Kf6 Re2 82. Rc1+ Kd5 83. Ra1 Rf2+ 84. Ke7 Nd4 85. Ra5+ Ke4 86. Rh5 Nf5+ 87. Kd7 Rd2+ 88. Kc7 Rc2+ 89. Kb7 Ke5 90. Rh1 Rb2+ 91. Kc7 Rc2+ 92. Kb7 Ke6 93. Rd1 Nd6+ 94. Kb6 Kd7 95. Rh1 Rb2+ 96. Kc5 Rb5+ 97. Kd4 Rg5 98. Rh7+ Kc6 99. Rh8 Rg4+ 100. Kc3 Rg5 101. Kd3 Kd5 102. Rh3 Rg4 103. Rh5+ Kc6 104. Rh8 Ra4 105. Kc3 Kc5 106. Kb3 Rb4+ 107. Kc2 Rg4 108. Rh5+ Kc4 109. Rh2 Nb5 110. Kd2 Nd4 111. Rh8 Nf3+ 112. Ke3 Nd4 113. Rc8+ 1/2-1/2


[Site "https://www.chess.com"]

[Event "Titled Tuesday Blitz August 22 Late 2023"]
[White "Ardila, Oscar Humberto"]
[Black "matenitian"]
[WhiteFideId "4404742"]
[WhiteElo "2318"]
[BlackElo "2512"]
[Result "1-0"]
[Round "9"]
[TimeControl "180+1"]
[Date "2023.08.22"]
[WhiteClock "0:00:37"]
[BlackClock "0:00:04"]
[Board "99"]

1. d4 Nf6 2. c4 c5 3. d5 b5 4. Qc2 g6 5. e4 b4 6. Bf4 d6 7. Nd2 Bg7 8. h3 O-O 9. Ngf3 e6 10. Bd3 exd5 11. cxd5 Re8 12. O-O a5 13. Rfe1 Ba6 14. Bxa6 Rxa6 15. Nc4 a4 16. Rad1 Nh5 17. Bg5 Qc8 18. Qd3 h6 19. Be3 g5 20. Bc1 Nd7 21. b3 axb3 22. axb3 Bc3 23. Re2 Nf8 24. g4 Nf4 25. Bxf4 gxf4 26. Nh4 Qd8 27. Nf5 Ng6 28. Qf3 Kh7 29. Kh2 Be5 30. Nxe5 Rxe5 31. Qd3 Ra3 32. f3 Nh4 33. Rf2 Nxf5 34. gxf5 f6 35. Rg2 Re7 36. Rdg1 Qc7 37. Qc4 Rf7 38. Rg6 Ra8 39. Qc1 Ra2+ 40. Kh1 Qe7 41. Qxf4 Qe5 42. Rxh6# 1-0


[Site "https://www.chess.com"]

[Event "Titled Tuesday Blitz August 22 Late 2023"]
[White "Acikel, Mert"]
[Black "Deviprasath, Sharvesh"]
[WhiteFideId "12956465"]
[BlackFideId "30938228"]
[WhiteElo "2312"]
[BlackElo "2491"]
[Result "0-1"]
[Round "9"]
[TimeControl "180+1"]
[Date "2023.08.22"]
[WhiteClock "0:00:01"]
[BlackClock "0:00:17"]
[Board "100"]

1. e4 c5 2. c3 d5 3. exd5 Nf6 4. d4 cxd4 5. cxd4 Nxd5 6. Nc3 Nc6 7. Nf3 Bg4 8. Be2 e6 9. O-O Be7 10. h3 Bh5 11. Ne4 O-O 12. Bd2 a6 13. Rc1 Bg6 14. Nc5 b6 15. Nb3 Qd7 16. a3 Rfc8 17. Ne5 Nxe5 18. dxe5 Rxc1 19. Qxc1 Rc8 20. Qd1 Bc2 21. Qe1 Bxb3 22. Bxa6 Bc4 23. Bxc4 Rxc4 24. Qd1 g6 25. Qb3 Qc6 26. g3 Rc2 27. Bh6 Bf8 28. Bg5 h6 29. Bd8 Qc8 30. a4 Re2 31. Bxb6 Qb8 32. a5 Bc5 33. Qc4 Bxb6 34. Qxe2 Bxa5 35. h4 h5 36. Rc1 Bc7 37. f4 Qb4 38. Rc4 Bb6+ 39. Kh2 Qa5 40. b4 Qa1 41. b5 Qg1+ 42. Kh3 Qh1+ 43. Qh2 Qf1+ 44. Qg2 Qxc4 45. g4 Nxf4+ 46. Kg3 Nxg2 47. Kxg2 Qxg4+ 0-1


[Site "https://www.chess.com"]

[Event "Titled Tuesday Blitz August 22 Late 2023"]
[White "Gerbelli Neto, Eduardo"]
[Black "Urbina Perez, Juan Antonio"]
[WhiteFideId "2103281"]
[BlackFideId "2217368"]
[WhiteElo "2310"]
[BlackElo "2474"]
[Result "1-0"]
[Round "9"]
[TimeControl "180+1"]
[Date "2023.08.22"]
[WhiteClock "0:02:51"]
[BlackClock "0:02:15"]
[Board "101"]

1. e4 c5 2. Nc3 Nc6 3. f4 g6 4. Nf3 Bg7 5. Bc4 e6 6. f5 Nge7 7. fxe6 fxe6 8. d3 O-O 9. O-O d5 10. Bb3 Na5 11. Bg5 Nxb3 12. axb3 d4 13. Na4 b6 14. Bxe7 Qxe7 15. Nxb6 Bb7 16. Nxa8 Bxa8 17. Qd2 h5 18. Qg5 Qe8 19. Qxc5 1-0


[Site "https://www.chess.com"]

[Event "Titled Tuesday Blitz August 22 Late 2023"]
[White "ArchibaldCerveza29"]
[Black "Brahami, Lamine"]
[BlackFideId "7905637"]
[WhiteElo "2449"]
[BlackElo "2296"]
[Result "0-1"]
[Round "9"]
[TimeControl "180+1"]
[Date "2023.08.22"]
[WhiteClock "0:00:25"]
[BlackClock "0:01:46"]
[Board "102"]

1. e4 c5 2. Nf3 d6 3. d4 cxd4 4. Nxd4 Nf6 5. Nc3 a6 6. Bc4 e5 7. Nf5 Bxf5 8. exf5 Qc8 9. Bd3 Be7 10. g4 Qc6 11. O-O Nbd7 12. g5 Nd5 13. Be4 Nxc3 14. Bxc6 Nxd1 15. Bxd7+ Kxd7 16. Rxd1 f6 17. g6 hxg6 18. fxg6 Rh4 19. Rd3 Rah8 20. Bd2 Rxh2 21. Re1 Rh1+ 22. Kg2 R8h2+ 23. Kf3 Rxe1 24. Bxe1 f5 25. Ke2 Rg2 26. Bc3 Ke6 27. Ba5 Rxg6 28. Rb3 b5 29. a4 bxa4 30. Rb6 Rg4 31. Rxa6 Re4+ 32. Kf3 g5 33. c3 g4+ 34. Kg3 Bg5 35. Bb6 Bf4+ 36. Kg2 Re2 37. Bc5 e4 38. Ba3 e3 39. Kf1 Rxf2+ 40. Kg1 Bh2+ 41. Kh1 e2 0-1


[Site "https://www.chess.com"]